AoeStats
← apyrupa_master

Arena

508131495Analyzed
4v4 RM · 13d ago on Sep 21, 2026· 34m 39s· 8 players
Game mode
Random Map
Map size
Large (8 player)
Population
200
Speed
Normal
Resources
Standard
Victory
Conquest
Starting age
Dark Age
Ending age
Imperial Age
RankedLock teamsTeams togetherTeam positionsShared explorationLock speedFull tech treeHidden civsTurbo modeCheats
Victory
Defeat
🇧🇷 Franks · Brazil
1247
+12
🇧🇷 Persians · Brazil
1180
+15
🇧🇷 Khmer · Brazil
1169
+15
🇧🇷 Turks · Brazil
1162
+16
1169
-15
🇺🇸 Britons · United States
1164
-15
🇨🇦 Wei · Canada
1160
-33
🇲🇽 Teutons · Mexico
1127
-13
mark4u.24
10:51 Feudal Age
14:53 Castle Age
12:59 Horse Collar
13:32 Double-Bit Axe
13:55 Gold Mining
14:32 Stone Mining
15:43 Bloodlines
21:03 Loom
23:12 Scale Barding Armor
23:59 Husbandry
26:13 Wheelbarrow
27:09 Forging
28:05 Hand Cart
30:47 Chain Barding Armor
31:04 Iron Casting
34:07 Imperial Age
32:05 Fortified Wall
31:27 Pikeman
33:33 Bow Saw
33:51 Heavy Plow
34:30 Gold Shaft Mining
33:20 Light Cavalry
OWL | AlfredtheAlpaca
11:23 Feudal Age
12:36 Horse Collar
15:22 Castle Age
13:35 Double-Bit Axe
16:21 Bow Saw
16:30 Heavy Plow
18:51 Gold Mining
20:38 Wheelbarrow
23:03 Forging
24:17 Iron Casting
25:09 Bloodlines
26:26 Scale Barding Armor
28:04 Chain Barding Armor
31:45 Hand Cart
34:10 Imperial Age
31:26 Loom
AMC_Stubs
10:48 Feudal Age
14:30 Castle Age
12:47 Double-Bit Axe
13:50 Horse Collar
16:52 Town Watch
16:55 Loom
ሰላምنعمة˙ʞɐɥʇ
13:22 Feudal Age
14:20 Double-Bit Axe
14:17 Horse Collar
17:05 Castle Age
21:20 Imperial Age
21:04 Scale Barding Armor
21:13 Forging
21:48 Stone Mining
22:18 Loom
31:47 Chemistry
32:08 Treadmill Crane
32:49 Husbandry
33:00 Bloodlines
32:45 Cavalier
34:13 Chain Barding Armor
apyrupa_master
9:49 Feudal Age
13:19 Castle Age
11:55 Double-Bit Axe
13:21 Horse Collar
26:26 Heavy Plow
27:43 Wheelbarrow
31:00 Hand Cart
31:02 Bow Saw
32:01 Gold Mining
33:24 Gold Shaft Mining
36:39 Imperial Age
apyrupa_NoMercy
3:23 Loom
10:47 Feudal Age
11:53 Double-Bit Axe
11:53 Horse Collar
15:25 Wheelbarrow
17:24 Gold Mining
27:08 Castle Age
27:35 Scale Barding Armor
27:42 Forging
29:00 Bloodlines
28:51 Husbandry
29:13 Bow Saw
29:07 Heavy Plow
33:32 Chain Barding Armor
33:48 Iron Casting
34:16 Stone Mining
ViRGuLiNo
10:44 Feudal Age
15:03 Castle Age
13:57 Double-Bit Axe
15:10 Scale Barding Armor
17:44 Loom
19:28 Chain Barding Armor
23:59 Forging
25:17 Husbandry
28:33 Iron Casting
29:19 Wheelbarrow
33:30 Hand Cart
36:20 Imperial Age
apyrupa_LimaH
11:27 Feudal Age
11:38 Feudal Age
15:48 Castle Age
19:52 Imperial Age
17:37 Horse Collar
17:44 Double-Bit Axe
19:11 Heavy Plow
19:23 Bow Saw
23:01 Gold Mining
Connection lost

Rejoining the realm…

Still unreachable

The connection could not be restored.

Session expired

The server has moved on; the page needs a fresh start.